 Dungeon Crawl Stone Soup version 0.31-a0-133-gaae73658be (webtiles) character file.

Game seed: 15051096708547932228

11732 backslashecho the Cleaver (level 11, -12/100 HPs)
             Began as a Minotaur Berserker on June 3, 2023.
             Was a High Priest of Trog.
             Mangled by a sun demon (14 damage)
             ... on level 10 of the Dungeon.
             The game lasted 00:18:19 (12307 turns).

backslashecho the Cleaver (Minotaur Berserker)     Turns: 12307, Time: 00:18:20

Health: -12/100    AC: 21    Str: 31    XL:     11   Next: 53%
Magic:  2/10       EV: 12    Int:  4    God:    Trog [*****.]
Gold:   636        SH:  0    Dex: 11    Spells: 10/10 levels left

rFire   . . .        a - +5 battleaxe
rCold   + + .        (shield currently unavailable)
rNeg    . . .        j - +0 chain mail
rPois   +            (helmet restricted)
rElec   .            F - +2 cloak {Stlth+}
rCorr   +            H - +3 Mad Mage's Maulers {Infuse+∞ VampMP -Cast}
SInv    .            m - +1 pair of boots
Will    .....        C - amulet of regeneration
Stlth   x              - +6 ring of strength
HPRegen 1.16/turn    J - ring of Sets {rPois rC++ rCorr}
MPRegen 0.12/turn

%: no spellcasting, infuse magic (2 MP)
@: no status effects
A: horns 2, retaliatory headbutt
a: Renounce Religion, Berserk, Trog's Hand, Brothers in Arms


You were on level 10 of the Dungeon.
You worshipped Trog.
Trog was extremely pleased with you.
You visited 1 branch of the dungeon, and saw 10 of its levels.
You also visited: Bailey.

You collected 636 gold pieces.

Inventory:

Hand Weapons
 a - a +5 battleaxe (weapon)
 t - a +1 executioner's axe
Missiles
 b - 4 curare-tipped darts
 r - 17 poisoned darts (quivered)
Armour
 j - a +0 chain mail (worn)
 m - a +1 pair of boots (worn)
 F - a +2 cloak of stealth (worn)
 H - the +3 Mad Mage's Maulers (worn) {Infuse+∞ VampMP -Cast}
   (You acquired it in a bailey)

   Infuse+∞: It empowers its wearer's blows with all of their magic.
   VampMP:    Blows struck in melee replenish the wearer's magic.
   -Cast:     It prevents spellcasting.
Jewellery
 u - a ring of protection from fire
 v - a ring of protection from cold
 x - a +6 ring of strength (left hand)
 z - a ring of flight
 C - an amulet of regeneration (around neck)
 G - an amulet of reflection
 J - the ring of Sets (right hand) {rPois rC++ rCorr}
   (You found it in a bailey)

   [ring of poison resistance]

   rC:        It greatly protects you from cold.
   rPois:     It protects you from poison.
   rCorr:     It protects you from acid and corrosion.
Wands
 n - a wand of iceblast (11)
 y - a wand of paralysis (13)
Scrolls
 d - 6 scrolls of enchant weapon
 e - a scroll of immolation {unknown}
 g - 9 scrolls of identify
 l - 5 scrolls of teleportation
 o - 2 scrolls of fog
 p - 2 scrolls of magic mapping
 q - 2 scrolls of fear
 w - 2 scrolls of enchant armour
 B - a scroll of poison
Potions
 c - 3 potions of attraction
 f - 5 potions of curing
 h - 4 potions of haste
 i - a potion of mutation
 k - 5 potions of heal wounds
 I - a potion of might
Miscellaneous
 s - a phantom mirror
 K - a box of beasts


   Skills:
 + Level 10.2 Fighting
 * Level 13.7 Axes
 - Level 6.0 Throwing
 + Level 9.6 Armour
 + Level 8.7 Dodging


You had 10 spell levels left.
You didn't know any spells.
Your spell library was empty.

Dungeon Overview and Level Annotations

Branches:
Dungeon (10/15)            Temple (0/1) D:4             Orc (0/2) D:9
 Bailey (visited)
   Lair: D:8-11

Altars:
Ashenzari
Dithmenos
Elyvilon
Fedhas
Gozag
Hepliaklqana
Kikubaaqudgha
Makhleb
Nemelex Xobeh
Qazlal
Ru
Sif Muna
Trog
Wu Jian
Yredelemnul

Annotations:
D:10 3 exclusions


Innate Abilities, Weirdness & Mutations

You have a pair of horns on your head.
You reflexively headbutt those who attack you in melee.


Message History

The demonic plant begins to die.
The bolt of electricity hits you! The quasit closely misses you.
The quasit claws you but does no damage. x2
You hear a shout!
You take 7 damage, and have 93/100 hp.
You slash the quasit!
You kill the quasit!
Trog accepts your kill.
The electric eel shoots out a bolt of lightning at you!
The bolt of electricity hits the demonic plant!
The bolt of electricity hits you!
You take 11 damage, and have 82/100 hp.
The electric eel shoots out a bolt of lightning at you!
The bolt of electricity hits the demonic plant!
The bolt of electricity hits you!
You take 8 damage, and have 74/100 hp.
The sun demon shouts!
A nearby demonic plant withers and dies.
The electric eel shoots out a bolt of lightning at you!
The bolt of electricity hits you!
You take 6 damage, and have 70/100 hp.
You closely miss the sun demon. The sun demon hits you.
You are engulfed in flames!!
The electric eel shoots out a bolt of lightning at you!
The bolt of electricity hits you.
You take 20 damage, and have 50/100 hp.
You barely miss the sun demon. The sun demon completely misses you.
The electric eel shoots out a bolt of lightning at you!
The bolt of electricity hits you.
You take 5 damage, and have 45/100 hp.
You slash the sun demon! Your headbutt misses the sun demon.
The sun demon is moderately wounded.
The sun demon barely misses you. You furiously retaliate!
You headbutt the sun demon! You barely miss the sun demon.
Your headbutt misses the sun demon.
The sun demon is heavily wounded.
The sun demon barely misses you.
You closely miss the sun demon. Your headbutt misses the sun demon.
The sun demon is heavily wounded.
The sun demon completely misses you. The sun demon hits you!
You are engulfed in flames!!
* * * LOW HITPOINT WARNING * * *
You take 28 damage, and have 19/100 hp.
MASSIVE DAMAGE!!
You are too injured to fight recklessly!
The electric eel shoots out a bolt of lightning at you!
The bolt of electricity misses you. The sun demon attacks as you move away!
The sun demon hits you!!
* * * LOW HITPOINT WARNING * * *
You are engulfed in flames!
You die...

##...###### ##.##
#.# #)# ##'##
##...## ##.....##
##...<...##
#......@..##
..'......3...♣
.##..........~~~P.
.
...........S~~...
..........#P.~~~♣.
.....#.......~.~.#
$....##'###♣.....#
.. #. ..#.## #.
#...#


You could see a sun demon and an electric eel.

Vanquished Creatures
  An orc warlord (Bailey)
  A centaur warrior (D:10)
  An orange demon (D:10)
  A komodo dragon (D:10)
  2 tengu conjurers (D:10)
  A troll (D:10)
  A hellwing (D:9)
  Grinder (D:5)
  3 hornets
  A shadow (D:8)
  Sigmund (D:2)
  4 wyverns
  A vampire (D:10)
  14 yaks
  A steam dragon (D:7)
  A vampire mosquito (D:10)
  3 acid dragons
  3 ice beasts
  A black bear (D:6)
  7 orc warriors
  3 sky beasts
  2 ogres
  6 centaurs
  3 kobold brigands
  A phantom (D:4)
  3 bullfrogs
  7 scorpions
  9 killer bees
  The ghost of rz the Magician, a weakling DjIE (D:4)
  A howler monkey (D:5)
  2 quasits (D:10)
  4 jellies
  A gnoll bouda (D:6)
  6 orc priests
  6 hounds
  Crazy Yiuf (D:7)
  9 orc wizards
  5 iguanas
  A hound zombie (D:3)
  13 gnolls
  3 adders
  A river rat (D:4)
  2 shadow imps (D:7)
  3 white imps
  An ufetubus (D:5)
  An adder zombie (D:3)
  2 worms (D:4)
  A dart slug (D:4)
  42 orcs
  3 bats (D:1)
  4 endoplasms
  3 giant cockroaches
  15 goblins
  14 hobgoblins
  4 jackals (D:3)
  28 kobolds
  10 ball pythons
  5 frilled lizards
  A jackal zombie (D:3)
  6 rats
282 creatures vanquished.

Vanquished Creatures (others)
  A human (D:8)
1 creature vanquished.

Grand Total: 283 creatures vanquished

Notes
Turn   | Place    | Note
-------+----------+-------------------------------------------
     0 | D:1      | backslashecho the Minotaur Berserker began the quest for
                  | the Orb.
     0 | D:1      | Reached XP level 1. HP: 19/19 MP: 0/0
    65 | D:1      | Reached XP level 2. HP: 19/27 MP: 1/1
    67 | D:1      | Reached skill level 4 in Axes
   456 | D:1      | Reached XP level 3. HP: 33/33 MP: 2/2
   858 | D:2      | Reached ** piety under Trog
  1304 | D:2      | Noticed Sigmund
  1319 | D:2      | Killed Sigmund
  1320 | D:2      | Reached skill level 5 in Axes
  1320 | D:2      | Reached skill level 1 in Throwing
  1320 | D:2      | Reached XP level 4. HP: 25/41 MP: 3/3
  1320 | D:2      | Reached XP level 5. HP: 29/47 MP: 4/4
  2002 | D:3      | Found an opulent altar of Gozag.
  2695 | D:4      | Found a runed translucent door.
  2706 | D:4      | Noticed rz's ghost (weakling DjIE)
  2744 | D:4      | Found a sacrificial altar of Ru.
  2893 | D:4      | Noticed a phantom
  2905 | D:4      | Killed a phantom
  2906 | D:4      | Reached XP level 6. HP: 39/55 MP: 5/5
  2980 | D:4      | Reached skill level 5 in Fighting
  2980 | D:4      | Reached skill level 6 in Axes
  3221 | D:4      | Found a staircase to the Ecumenical Temple.
  3239 | D:4      | Found a runed translucent door.
  3310 | D:4      | Reached *** piety under Trog
  3502 | D:4      | Reached XP level 7. HP: 57/61 MP: 6/6
  3513 | D:4      | Killed rz's ghost
  3607 | D:5      | Entered Level 5 of the Dungeon
  4145 | D:5      | Found a burning altar of Makhleb.
  4145 | D:5      | Found an ornate altar of the Wu Jian Council.
  4145 | D:5      | Found a shimmering blue altar of Sif Muna.
  4243 | D:5      | Reached skill level 7 in Axes
  4528 | D:5      | Noticed Grinder
  4547 | D:5      | Killed Grinder
  4548 | D:5      | Reached skill level 5 in Armour
  4548 | D:5      | Reached XP level 8. HP: 70/70 MP: 7/7
  5433 | D:6      | Reached skill level 8 in Axes
  5735 | D:6      | Reached skill level 5 in Dodging
  5894 | D:6      | Reached **** piety under Trog
  6113 | D:6      | Reached skill level 9 in Axes
  6160 | D:6      | Reached XP level 9. HP: 78/78 MP: 8/8
  6921 | D:6      | Reached skill level 5 in Throwing
  7053 | D:7      | Reached skill level 10 in Axes
  7193 | D:7      | Reached ***** piety under Trog
  8015 | D:7      | Found a runed translucent door.
  8016 | D:7      | Noticed Crazy Yiuf
  8025 | D:7      | Killed Crazy Yiuf
  8343 | D:8      | Found a shadowy altar of Dithmenos.
  8457 | D:8      | Reached XP level 10. HP: 76/88 MP: 9/9
  8805 | D:8      | Found an ancient bone altar of Kikubaaqudgha.
  9024 | D:8      | Reached skill level 11 in Axes
  9511 | D:9      | Found a flagged portal.
  9519 | Bailey   | Entered a bailey
  9524 | Bailey   | Noticed an orc warlord
  9590 | Bailey   | Found a runed translucent gate.
  9592 | Bailey   | Found a runed translucent gate.
  9594 | Bailey   | Found a runed translucent gate.
  9788 | Bailey   | Killed an orc warlord
  9819 | Bailey   | Identified the ring of Sets {rPois rC++ rCorr}
  9839 | Bailey   | Acquired the +3 Mad Mage's Maulers {Infuse+∞ VampMP -Cast}
  9839 | Bailey   | Found the +3 Mad Mage's Maulers {Infuse+∞ VampMP -Cast}
  9927 | D:9      | Found a stormy altar of Qazlal.
  9934 | D:9      | Found a white marble altar of Elyvilon.
  9934 | D:9      | Found a bloodstained altar of Trog.
  9935 | D:9      | Found a basalt altar of Yredelemnul.
  9936 | D:9      | Found a blossoming altar of Fedhas.
  9937 | D:9      | Found a hazy altar of Hepliaklqana.
  9939 | D:9      | Found a broken altar of Ashenzari.
  9955 | D:9      | Found a staircase to the Orcish Mines.
 10142 | D:9      | Reached skill level 12 in Axes
 10919 | D:10     | Entered Level 10 of the Dungeon
 10919 | D:10     | Noticed a sun demon
 10983 | D:10     | Noticed an orange demon
 11072 | D:10     | Killed an orange demon
 11073 | D:10     | Reached XP level 11. HP: 97/97 MP: 1/10
 11369 | D:10     | Noticed a centaur warrior
 11379 | D:10     | Killed a centaur warrior
 11380 | D:10     | Reached skill level 13 in Axes
 11666 | D:10     | Reached skill level 10 in Fighting
 11854 | D:10     | Received a gift from Trog
 11993 | D:10     | Found a sparkling altar of Nemelex Xobeh.
 12279 | D:10     | Identified the +7 war axe "Itadoh" {freeze, Int+2}
 12307 | D:10     | HP: 2/100 [sun demon (18)]
 12307 | D:10     | Mangled by a sun demon

Illustrated notes

Levels and vault maps discovered:
D:1:      dpeg_arrival_tiny_h, layout_basic, st_stairs_4
D:2:      wander_river, layout_loops_corners, patterned_corridor, uniq_sigmund
D:3:      layout_loops_ring, grunt_gozag_breadcrumbs, serial_undead,
          serial_undead_b, serial_undead_e, serial_undead_b, serial_undead_f,
          eino_tiny_chamber
D:4:      layout_rooms, nicolae_ru_the_path_less_chosen, temple_green,
          ebering_ghost_sewer_f
D:5:      layout_basic, gammafunk_temple_overflow_claw, uniq_grinder
D:6:      minmay_opposing_rooms, layout_basic
D:7:      layout_loops_ring, uniq_crazy_yiuf_cottage
D:8:      layout_loops_ring, tgw_kikubaaqudgha, nicolae_dithmenos_the_darkroom
D:9:      hellmonk_crumbling_castle, layout_irregular_city, minitemple,
          enter_bailey_3
D:10:     nzn_winding_woodlands_cross [nzn_winding_woodlands_5x15_garden,
          nzn_winding_woodlands_5x15_pathside_ponds,
          nzn_winding_woodlands_5x15_pockets, nzn_winding_woodlands_5x15_zeroes,
          nzn_winding_woodlands_15x15_killbox], layout_loops_corners, tgw_xom,
          amcnicky_altar_gilded, serial_demonic, serial_demonic_f,
          serial_demonic_b, serial_demonic_a, serial_demonic_b,
          serial_demonic_g, serial_demonic_a, serial_demonic_a,
          serial_demonic_g, serial_demonic_e, serial_demonic_f

Skill      XL: |  1  2  3  4  5  6  7  8  9 10 11 |
---------------+----------------------------------+-----
Axes           | 4 5 6 7 9 10 12 13 | 13.7
Fighting       | 4 5 6 8 9 10 | 10.2
Armour         | 3 4 5 6 7 8 9 |  9.6
Throwing       | 1 2 3 4 5 6 |  6.0
Dodging        | 3 4 5 6 8 |  8.7

Action                     |  1- 3 |  4- 6 |  7- 9 | 10-12 || total
---------------------------+-------+-------+-------+-------++-------
  Melee: Hand axe          |    63 |   105 |   410 |     7 ||   585
         Punch             |     2 |     2 |     6 |     2 ||    12
         Headbutt          |     4 |    12 |    65 |    48 ||   129
         War axe           |       |       |       |   157 ||   157
         Battleaxe         |       |       |       |    82 ||    82
  Throw: Dart              |       |       |       |     3 ||     3
 Invoke: Trog's Hand       |     1 |       |     3 |     1 ||     5
         Berserk           |       |     1 |     3 |     1 ||     5
    Use: Scroll            |     5 |     6 |     1 |    10 ||    22
         Potion            |     1 |       |       |       ||     1
 Armour: Animal skin       |    11 |       |       |       ||    11
         Ring mail         |     2 |       |       |       ||     2
         Chain mail        |    11 |    41 |   189 |   127 ||   368
  Dodge: Dodged            |    39 |    34 |   200 |   132 ||   405

Table legend: (Time is in decaauts)
 A = Elapsed time spent in this place.
 B = Non-inter-level travel time spent in this place.
 C = Inter-level travel time spent in this place.
 D = Time resting spent in this place.
 E = Time spent auto-exploring this place.
 F = Levels seen in this place.
 G = Mean time per level.
                   A        B        C        D        E       F      G
               +--------+--------+--------+--------+--------+-----+--------+
         Total |  12347 |  11147 |   1200 |   1463 |   7605 |  11 | 1122.5 |
       Dungeon |  11964 |  10764 |   1200 |   1425 |   7489 |  10 | 1196.4 |
        Bailey |    382 |    382 |      0 |     38 |    116 |   1 |  382.0 |
               +--------+--------+--------+--------+--------+-----+--------+

Top non-repeatable levels by time:
     D:6: 1957 daAuts
     D:5: 1536 daAuts
     D:9: 1322 daAuts
    D:10: 1180 daAuts
     D:2: 1143 daAuts
     D:7: 1106 daAuts
     D:8: 1100 daAuts
     D:4: 987 daAuts
     D:3: 850 daAuts
     D:1: 779 daAuts
  Bailey: 382 daAuts
